 Dungeon Crawl Stone Soup version 0.30-a0-469-g84de5afbc5 (webtiles) character file.

Game seed: 12626455940841840468

191498 Midn8 the Fencer (level 17, -3/158 HPs)
             Began as a Yellow Draconian Fighter on Dec 15, 2022.
             Was a High Priest of Elyvilon.
             Constricted to death by a naga warrior (6 damage)
             ... on level 3 of the Snake Pit on Dec 19, 2022.
             The game lasted 01:41:03 (34181 turns).

Midn8 the Fencer (Yellow Draconian Fighter)        Turns: 34181, Time: 01:41:04

Health: -3/158     AC: 23    Str: 21    XL:     17   Next: 57%
Magic:  26/26      EV: 17    Int: 10    God:    Elyvilon [*****.]
Gold:   596        SH:  8    Dex: 20    Spells: 16/16 levels left

rFire   . . .      SeeInvis +    a - +4 double sword (elec)
rCold   . . .      Faith    .    k - +0 buckler
rNeg    . . .      Spirit   .    (body armour unavailable)
rPois   +          Reflect  .    T - +3 crown of Dyrovepreva {rElec Int+2 SInv}
rElec   +          Harm     .    D - +2 cloak {rCorr}
rCorr   +          Rampage  .    B - +0 pair of gloves {Str+3}
Will    +....                    A - +2 pair of boots
Stlth   ++........               Z - amulet of regeneration
HPRegen 1.26/turn                s - ring of poison resistance
MPRegen 0.20/turn                i - +4 ring of protection

@: lethally poisoned (-3 -> -4), about to teleport, slowed, constricted, very
slow
A: spit acid, AC +9, unfitting armour, acidic bite, cold-blooded, acid
resistance
}: 1/15 runes: decaying
a: Breathe Acid, Renounce Religion, Purification, Heal Other, Heal Self, Divine
Vigour


You were on level 3 of the Snake Pit.
You worshipped Elyvilon.
Elyvilon was extremely pleased with you.
You visited 6 branches of the dungeon, and saw 30 of its levels.
You visited 1 bazaar.

You collected 3094 gold pieces.
You spent 2498 gold pieces at shops.

Inventory:

Hand Weapons
 a - a +4 double sword of electrocution (weapon)
 b - the +3 greatsling "Punk" {acid, rCorr}
   (You acquired it on level 14 of the Dungeon)

   Any ammunition fired from it is coated in acid, damaging and corroding those
   it strikes.
   rCorr:     It protects you from acid and corrosion.
Missiles
 j - 69 poisoned darts (quivered)
 y - 9 javelins
 K - 7 curare-tipped darts
Armour
 d - a +0 tower shield
 k - a +0 buckler (worn)
 A - a +2 pair of boots (worn)
 B - a +0 pair of gloves of strength (worn)
 D - a +2 cloak of preservation (worn)
 T - the +3 crown of Dyrovepreva (worn) {rElec Int+2 SInv}
   (You found it on level 4 of the Lair of Beasts)

   Int:       It affects your intelligence (+2).
   rElec:     It insulates you from electricity.
   SInv:      It lets you see invisible.
Jewellery
 f - a ring of protection from cold
 i - a +4 ring of protection (right hand)
 l - a +6 ring of intelligence
 q - a ring of willpower
 s - a ring of poison resistance (left hand)
 F - a ring of see invisible
 I - a +4 ring of protection
 J - a ring of wizardry
 Q - a +6 ring of intelligence
 Y - a ring of protection from fire
 Z - an amulet of regeneration (around neck)
Wands
 e - a wand of iceblast (40)
 p - a wand of mindburst (48)
 v - a wand of flame (68)
 M - a wand of charming (18)
 P - a wand of polymorph (19)
 W - a wand of light (19)
Scrolls
 m - 8 scrolls of teleportation
 x - a scroll of blinking
 C - a scroll of magic mapping
 E - a scroll of enchant weapon
 G - 7 scrolls of fog
 H - 8 scrolls of poison
 N - a scroll of silence
 O - 3 scrolls of amnesia
 S - 19 scrolls of identify
 V - a scroll of fear
Potions
 c - 8 potions of might
 g - 16 potions of curing
 h - 4 potions of ambrosia
 n - 4 potions of cancellation
 o - 5 potions of haste
 r - 6 potions of heal wounds
 t - 3 potions of mutation
 u - 3 potions of attraction
 w - 2 potions of berserk rage
 z - 6 potions of magic
 L - 2 potions of invisibility
 R - a potion of brilliance
 U - 2 potions of resistance
 X - 3 potions of flight


   Skills:
 - Level 16.0 Fighting
 - Level 16.0 Long Blades
 - Level 14.0 Ranged Weapons
 + Level 12.3 Dodging
 - Level 11.0 Shields
 - Level 12.0 Invocations
 - Level 10.0 Evocations


You had 16 spell levels left.
You didn't know any spells.
Your spell library contained the following spells:

 Spells                   Type           Power      Damage    Failure   Level
 Sting                    Tmut/Pois      0%         1d3       41%         1
 Summon Small Mammal      Summ           0%         N/A       41%         1
 Poisonous Vapours        Pois/Air       0%         N/A       56%         2
 Call Canine Familiar     Summ           0%         N/A       80%         3
 Frozen Ramparts          Ice            0%         1d1       80%         3
 Gell's Gravitas          Tloc           0%         N/A       80%         3
 Hailstorm                Conj/Ice       0%         3d3       80%         3
 Portal Projectile        Hex/Tloc       0%         N/A       80%         3
 Summon Guardian Golem    Hex/Summ       0%         N/A       80%         3
 Teleport Other           Tloc           0%         N/A       80%         3
 Tukima's Dance           Hex            0%         N/A       80%         3
 Ice Form                 Ice/Tmut       0%         N/A       99%         4
 Olgreb's Toxic Radiance  Pois           0%         N/A       99%         4
 Summon Ice Beast         Ice/Summ       0%         N/A       99%         4
 Summon Lightning Spire   Summ/Air       0%         N/A       99%         4
 Blade Hands              Tmut           0%         N/A       100%        5
 Fireball                 Conj/Fire      0%         3d3       100%        5
 Iskenderun's Battlesphe  Conj           0%         2d6       100%        5
 Conjure Ball Lightning   Conj/Air       0%         3x3d6     100%        6
 Dispersal                Tloc           0%         N/A       100%        6
 Simulacrum               Ice/Necr       0%         N/A       100%        6
 Orb of Destruction       Conj           0%         9d5       100%        7
 Storm Form               Tmut/Air       0%         N/A       100%        7
 Discord                  Hex            0%         N/A       100%        8
 Disjunction              Tloc           0%         N/A       100%        8
 Maxwell's Capacitive Co  Air            0%         ∞         100%        8


Dungeon Overview and Level Annotations

Branches:
Dungeon (15/15)            Temple (1/1) D:4            Lair (5/5) D:10
  Swamp (4/4) Lair:2        Snake (3/4) Lair:3        Slime (0/5) Lair:5
    Orc (2/2) D:9             Elf (0/3) Orc:2        Vaults (0/5) D:13
 Depths (0/4) D:15

Altars:
Ashenzari
Cheibriados
Dithmenos
Elyvilon
Fedhas
Gozag
Hepliaklqana
Kikubaaqudgha
Makhleb
Nemelex Xobeh
Okawaru
Qazlal
Ru
Sif Muna
Trog
Uskayaw
Vehumet
Wu Jian
Xom
Yredelemnul
Zin
The Shining One
Ignis
Jiyva

Shops:
D:4 !   D:7 *   D:15 ?!:(   Orc:1 =   Orc:2 ::!*![[   Snake:1 *

Annotations:
D:5 3 runed translucent doors, NinjaNoafa's ghost, amateur GrDe; anonymousknight's ghost, novice HuCA; p00ps00p's ghost, novice HOFi; qeuew's ghost, novice HOFi
D:6 1 runed translucent door, bmack86's ghost, novice MiFi
D:14 4 transporters, Roxanne
D:15 1 runed translucent door
Lair:5 exclusion: 3 doors


Innate Abilities, Weirdness & Mutations

You can spit globs of acid.
Your golden yellow scales are hard. (AC +9)
You cannot fit into any form of body armour.
You have acidic saliva.
You are cold-blooded and may be slowed by cold attacks.
You are resistant to acid. (rCorr)


Message History

The salamander goes into a battle-frenzy!
The naga warrior constricts you.
You hit the naga warrior but do no damage.
Your tail-slap misses the naga warrior.
The naga warrior is lightly wounded.
You feel sick.
The salamander hits you from afar with a +0 spear!
You are engulfed in flames!
The naga warrior hits you but does no damage.
The naga warrior constricts you.
* * * LOW HITPOINT WARNING * * *
Unknown command.
As you read the scroll of teleportation, it crumbles to dust.
You feel strangely unstable.
You feel sick.
The naga warrior no longer looks unusually strong.
The salamander misses you. The naga warrior spits poison at you.
The splash of poison hits you. You resist.
* * * LOW HITPOINT WARNING * * *
The naga warrior hits you with a +0 short sword!!
* * * LOW HITPOINT WARNING * * *
The naga warrior constricts you.
The salamander hits you from afar with a +0 spear.
* * * LOW HITPOINT WARNING * * *
You are engulfed in flames!
* * * LOW HITPOINT WARNING * * *
The naga warrior completely misses you. You block the naga warrior's attack.
The naga warrior constricts you.
* * * LOW HITPOINT WARNING * * *
Unknown command.
You feel much better.
You feel sick. The naga misses you.
The salamander hits you from afar with a +0 spear!
* * * LOW HITPOINT WARNING * * *
You are engulfed in flames!
Elyvilon protects you from harm! The naga warrior misses you.
The naga warrior hits you with a +0 short sword.
* * * LOW HITPOINT WARNING * * *
The naga warrior constricts you.
You die...

.............###..
#)............##..
#S............#...
#.....(.......#... #..
#............#... ..
#.N.........#.#.. #### #.
##N............#.
#...##.####NN.(......####.#
.....#..##@##.......## ##.
.........N####..##..# ##
..........# ####[.## ##
......[.?.### #..# ### #.
.........#..### #.####.# #.
........####..###......###.
.......####..#.........##..
.......###.....##.....###..
.....#.#.......##.....##)..


You could see 2 naga warriors, a salamander (strong) and 2 nagas.

Vanquished Creatures
  Jorgrun (Orc:2)
  Rupert (Orc:1)
  A thorn hunter (Swamp:3)
  2 ghouls (Swamp:4)
  7 eleionomae
  Azrael (D:13)
  7 bunyips
  An entropy weaver (shapeshifter) (D:13)
  Josephine (D:14)
  2 fire dragons (D:15)
  Fannar (Lair:1)
  15 hydras
  5 ogre magi
  Erolcha (Orc:2)
  3 vault guards (D:13)
  A catoblepas (D:14)
  3 centaur warriors
  2 boulder beetles
  2 ghost crabs
  3 anacondas
  7 alligators
  2 death knights
  6 naga warriors
  4 tengu warriors
  4 death yaks
  11 two-headed ogres
  4 naga sharpshooters
  5 shock serpents
  An orc high priest (Orc:1)
  A salamander mystic (Snake:2)
  3 sea snakes (Snake:1)
  A skeletal warrior (D:14)
  13 swamp dragons
  2 spriggan druids
  5 goliath frogs
  A deep troll (D:14)
  A phantasmal warrior (D:15)
  3 naga ritualists
  3 bog bodies
  3 orc knights
  6 deep elf pyromancers
  2 oklob plants (D:10)
  2 orc sorcerers
  4 ugly things
  6 mana vipers
  4 manticores
  24 slime creatures
  6 salamanders
  9 cyclopes
  5 will-o-the-wisps
  30 black mambas
  2 naga magi
  14 elephants
  2 guardian serpents (Snake:3)
  18 cane toads
  A cane toad (shapeshifter) (D:13)
  An unseen horror (shapeshifter) (D:15)
  A gargoyle (D:14)
  An unseen horror (D:12)
  6 komodo dragons
  6 rime drakes (Lair:5)
  A tengu conjurer (D:14)
  4 freezing wraiths
  2 ice devils (D:13)
  8 trolls
  A meliai (D:14)
  8 tyrant leeches
  3 bloated husks
  4 hornets
  13 blink frogs
  8 polar bears
  A wolf spider simulacrum (D:13)
  8 dream sheep
  3 centaur simulacra
  2 vampires
  A shadow (D:11)
  Sigmund (D:4)
  4 spriggans
  72 yaks
  8 wraiths
  3 wyverns
  9 humans (D:13)
  18 fire elementals
  2 basilisks
  3 steam dragons
  6 wargs (Orc:1)
  16 nagas
  11 water moccasins
  16 swamp worms
  2 acid dragons (D:10)
  2 hell hounds
  A meliai simulacrum (D:13)
  37 orc warriors
  6 swamp drakes
  2 ice beasts
  A black bear (D:7)
  9 ogres
  8 wolves
  15 centaurs
  7 kobold brigands
  2 necrophages (Swamp:4)
  A scorpion (D:5)
  8 bullfrogs
  15 wights (D:7)
  10 killer bees
  6 electric eels
  3 howler monkeys (D:11)
  2 hounds
  A jelly (D:6)
  12 orc priests
  Crazy Yiuf (D:7)
  5 iguanas
  Natasha (twice) (D:3)
  19 orc wizards
  5 hell rats (Lair:5)
  14 adders
  4 white imps
  2 ufetubi (D:13)
  A dart slug (D:1)
  61 orcs
  5 ball pythons
  6 bats
  11 endoplasms
  2 giant cockroaches
  7 goblins
  4 hobgoblins
  4 jackals (D:4)
  7 quokkas
  A frilled lizard (D:1)
  38 kobolds
  7 rats
  2 butterflies (D:4)
884 creatures vanquished.

Vanquished Creatures (collateral kills)
  An acid dragon (D:12)
1 creature vanquished.

Vanquished Creatures (others)
  A hydra (D:12)
  An alligator (Swamp:2)
  A goliath frog (Swamp:4)
  3 bloated husks
  A tengu conjurer (D:15)
  A tyrant leech (Swamp:2)
  A hornet (Swamp:2)
  A spriggan (Swamp:2)
  A swamp worm (Swamp:1)
  A swamp drake (Swamp:4)
  A human (D:3)
  2 orcs (Orc:2)
  3 bushes (Lair:1)
  58 foxfires
  47 fungi
  119 plants
242 creatures vanquished.

Grand Total: 1127 creatures vanquished

Notes
Turn   | Place    | Note
-------+----------+-------------------------------------------
     0 | D:1      | Midn8 the Draconian Fighter began the quest for the Orb.
     0 | D:1      | Reached XP level 1. HP: 19/19 MP: 1/1
   172 | D:1      | Reached XP level 2. HP: 22/26 MP: 2/2
   865 | D:2      | Reached XP level 3. HP: 27/31 MP: 3/3
  1391 | D:3      | Found a faded altar of an unknown god.
  1395 | D:3      | Prayed at the altar of an unknown god.
  1395 | D:3      | Became a worshipper of Ignis, the Dying Flame
  1502 | D:3      | Reached XP level 4. HP: 23/38 MP: 4/4
  1857 | D:3      | Found an ancient bone altar of Kikubaaqudgha.
  1859 | D:3      | Noticed a human
  1862 | D:3      | Killed a human
  1914 | D:3      | Noticed Natasha
  1927 | D:3      | Killed Natasha
  2111 | D:3      | Reached skill level 5 in Long Blades
  2233 | D:3      | Found a sacrificial altar of Ru.
  2370 | D:4      | Found Deoseblo's Distillery.
  2404 | D:4      | Bought a potion of haste for 100 gold pieces
  2404 | D:4      | Bought a potion of heal wounds for 50 gold pieces
  2404 | D:4      | Bought a potion of heal wounds for 50 gold pieces
  2408 | D:4      | Found a shimmering altar of Xom.
  2437 | D:4      | Found a staircase to the Ecumenical Temple.
  2448 | D:4      | Reached XP level 5. HP: 45/45 MP: 5/5
  2530 | D:4      | Noticed a centaur
  2547 | D:4      | Killed a centaur
  2554 | D:4      | Noticed a centaur
  2564 | D:4      | Killed a centaur
  2565 | D:4      | Reached XP level 6. HP: 28/52 MP: 6/6
  2664 | D:4      | Noticed Sigmund
  2672 | D:3      | Noticed Natasha
  2687 | D:3      | Killed Natasha
  2854 | D:4      | Killed Sigmund
  2886 | D:4      | Your scales start taking on a golden yellow colour.
  2886 | D:4      | Reached XP level 7. HP: 41/59 MP: 7/7
  2886 | D:4      | Gained mutation: You are resistant to acid. (rCorr) [Yellow
                  | Draconian growth]
  3087 | D:5      | Entered Level 5 of the Dungeon
  3275 | D:5      | Found a shimmering blue altar of Sif Muna.
  3295 | D:5      | Found a runed translucent gate.
  3296 | D:5      | Found a runed translucent gate.
  3297 | D:5      | Found a runed translucent gate.
  3298 | D:5      | Noticed p00ps00p's ghost (novice HOFi)
  3298 | D:5      | Noticed anonymousknight's ghost (novice HuCA)
  3299 | D:5      | Noticed NinjaNoafa's ghost (amateur GrDe)
  3299 | D:5      | Noticed qeuew's ghost (novice HOFi)
  4039 | D:6      | Reached skill level 5 in Fighting
  4312 | D:6      | Found a runed translucent door.
  4316 | D:6      | Found a shimmering altar of Xom.
  4316 | D:6      | Noticed bmack86's ghost (novice MiFi)
  4317 | D:6      | Noticed a +2 short sword of chaos
  4604 | D:7      | Noticed a yak
  4604 | D:7      | Noticed a yak
  4604 | D:7      | Noticed a yak
  4604 | D:7      | Noticed a yak
  4678 | D:7      | Reached XP level 8. HP: 70/70 MP: 8/8
  4788 | D:7      | Noticed a troll
  4806 | D:7      | Killed a troll
  4807 | D:7      | Reached skill level 5 in Shields
  4807 | D:7      | Reached skill level 1 in Evocations
  5147 | D:6      | Reached skill level 5 in Evocations
  5405 | D:7      | Found a hide-covered altar of Uskayaw.
  5414 | D:7      | Reached XP level 9. HP: 75/75 MP: 9/9
  5944 | D:7      | Found a runed translucent door.
  5945 | D:7      | Noticed Crazy Yiuf
  6472 | D:7      | Reached skill level 10 in Long Blades
  6556 | D:7      | Found Hunabrou's General Store.
  6562 | D:7      | Bought a scroll of magic mapping for 105 gold pieces
  6642 | D:7      | Killed Crazy Yiuf
  7067 | D:8      | Found an ornate altar of the Wu Jian Council.
  7411 | D:8      | Found a blossoming altar of Fedhas.
  8171 | D:9      | Found a staircase to the Orcish Mines.
  8349 | D:9      | Reached XP level 10. HP: 61/88 MP: 10/10
  8457 | D:9      | Reached skill level 5 in Dodging
  8567 | D:9      | Found a stormy altar of Qazlal.
  9022 | D:9      | Found a snail-covered altar of Cheibriados.
  9148 | D:10     | Entered Level 10 of the Dungeon
  9281 | D:10     | Noticed an oklob plant
  9383 | D:10     | Found a staircase to the Lair.
  9684 | D:10     | You fall into a shaft and drop 3 floors!
 10798 | D:10     | Noticed an oklob plant
 10815 | D:10     | Killed an oklob plant
 10977 | D:10     | Killed an oklob plant
 10978 | D:10     | Reached XP level 11. HP: 84/95 MP: 11/11
 11421 | D:11     | Noticed a two-headed ogre
 11435 | D:11     | Killed a two-headed ogre
 11436 | D:11     | Reached skill level 10 in Fighting
 11882 | Lair:1   | Entered Level 1 of the Lair of Beasts
 12092 | Lair:1   | Noticed Fannar
 12118 | Lair:1   | Killed Fannar
 12747 | Lair:1   | Reached XP level 12. HP: 80/106 MP: 12/12
 12950 | Lair:1   | Found an opulent altar of Gozag.
 13048 | Lair:1   | Noticed a death yak
 13055 | Lair:1   | Noticed a death yak
 13145 | Lair:1   | Noticed a death yak
 13148 | Lair:1   | Noticed a death yak
 13517 | Lair:2   | Reached skill level 1 in Ranged Weapons
 13993 | Lair:2   | Found a staircase to the Swamp.
 14189 | Lair:2   | Noticed a six-headed hydra
 14203 | Lair:2   | Killed a six-headed hydra
 14204 | Lair:2   | Reached skill level 5 in Ranged Weapons
 14876 | Lair:3   | Noticed a seven-headed hydra
 14956 | Lair:3   | Noticed a seven-headed hydra
 14960 | Lair:3   | Killed a seven-headed hydra
 14962 | Lair:3   | Identified a scroll of acquirement
 14969 | Lair:3   | Acquired a +2 vorpal double sword
 15098 | Lair:3   | Killed a seven-headed hydra
 15218 | Lair:3   | Found a staircase to the Snake Pit.
 15727 | Lair:3   | Reached XP level 13. HP: 117/118 MP: 13/13
 16317 | Lair:4   | Reached skill level 10 in Dodging
 16731 | Lair:4   | Found the +3 crown of Dyrovepreva {rElec Int+2 SInv}
 17911 | Lair:5   | Entered Level 5 of the Lair of Beasts
 18070 | Lair:5   | Reached skill level 10 in Evocations
 18569 | Lair:5   | Found a viscous altar of Jiyva.
 18574 | Lair:5   | Found a staircase to the Slime Pits.
 19183 | Lair:5   | Gained mutation: You have acidic saliva. [Yellow Draconian
                  | growth]
 19183 | Lair:5   | Reached XP level 14. HP: 116/126 MP: 14/14
 20006 | D:12     | Reached skill level 15 in Long Blades
 20520 | D:11     | Paralysed by an ogre mage for 4 turns
 20856 | D:12     | Found the +12 glaive of Prune {vorpal}
 22083 | D:13     | Noticed Azrael
 22101 | D:13     | Killed Azrael
 22305 | D:13     | Found a gate to the Vaults.
 22540 | D:14     | Noticed Roxanne
 22635 | D:14     | Reached skill level 15 in Fighting
 22708 | D:14     | Reached XP level 15. HP: 132/141 MP: 15/15
 22774 | D:14     | Noticed Josephine
 22784 | D:14     | Killed Josephine
 23060 | Temple   | Entered the Ecumenical Temple
 23130 | Temple   | Fell from the grace of Ignis
 23130 | Temple   | Became a worshipper of Elyvilon the Healer
 23523 | D:14     | Found a transporter.
 23539 | D:14     | Found a transporter.
 23559 | D:14     | Found a transporter.
 23669 | D:14     | Found a transporter.
 23771 | D:14     | Noticed Louise
 23777 | D:14     | Louise changed into Louise the bunyip
 23777 | D:14     | Noticed Louise
 23784 | D:14     | Killed Louise the bunyip
 23829 | D:14     | Acquired the +3 greatsling "Punk" {acid, rCorr}
 23829 | D:14     | Found the +3 greatsling "Punk" {acid, rCorr}
 23898 | D:14     | Reached * piety under Elyvilon
 24063 | D:14     | You fall into a shaft and drop 1 floor!
 24063 | D:15     | Entered Level 15 of the Dungeon
 24064 | D:15     | Found Costi's Antique Weapon Shoppe.
 24345 | D:15     | Found Myczil's Distillery.
 24366 | D:15     | Bought a potion of flight for 39 gold pieces
 24366 | D:15     | Bought a potion of haste for 130 gold pieces
 24366 | D:15     | Bought a potion of curing for 39 gold pieces
 24366 | D:15     | Bought a potion of curing for 39 gold pieces
 24420 | D:15     | Found Tounir's Book Shop.
 24579 | D:15     | Found a runed translucent door.
 24879 | D:15     | Reached skill level 10 in Ranged Weapons
 24892 | D:15     | Reached skill level 1 in Invocations
 25173 | D:15     | Reached skill level 5 in Invocations
 25284 | D:15     | Found Atroph's Magic Scroll Emporium.
 25292 | D:15     | Bought a scroll of teleportation for 45 gold pieces
 25292 | D:15     | Bought a scroll of teleportation for 45 gold pieces
 25292 | D:15     | Bought a scroll of teleportation for 45 gold pieces
 25292 | D:15     | Bought a scroll of fog for 60 gold pieces
 25316 | D:15     | Reached ** piety under Elyvilon
 25405 | D:15     | Was forgiven by Ignis
 25419 | D:15     | Found a staircase to the Depths.
 25796 | Orc:1    | Entered Level 1 of the Orcish Mines
 26245 | Orc:2    | Entered Level 2 of the Orcish Mines
 26317 | Orc:2    | Noticed Rupert
 26319 | Orc:2    | Paralysed by Rupert for 3 turns
 26486 | Orc:1    | Found Gunlel's Jewellery Shoppe.
 26623 | Orc:2    | Noticed Erolcha
 26662 | Orc:1    | Killed Rupert
 26676 | Orc:2    | Killed Erolcha
 26695 | Orc:2    | Found Yrhui's Distillery.
 26702 | Orc:2    | Reached *** piety under Elyvilon
 26707 | Orc:2    | Found a staircase to the Elven Halls.
 26709 | Orc:2    | Found Exkikhly's Book Shop.
 26716 | Orc:2    | Noticed Jorgrun
 26729 | Orc:2    | Killed Jorgrun
 26796 | Orc:2    | Found Xusef's Book Emporium.
 26907 | Orc:2    | Upgraded the game from 0.30-a0-458-g86641cc369 to
                  | 0.30-a0-469-g84de5afbc5
 26907 | Orc:2    | Bought a potion of invisibility for 120 gold pieces
 26907 | Orc:2    | Bought a potion of haste for 150 gold pieces
 26985 | Orc:2    | Found a flickering gateway to a bazaar.
 26993 | Bazaar   | Entered a bazaar
 26997 | Bazaar   | Found Vonoytaoll's Antique Weapon Boutique.
 27019 | Bazaar   | Found Boulucw's Antique Weapon Emporium.
 27040 | Bazaar   | Found Laiga's Armour Boutique.
 27060 | Bazaar   | Found Siocs's Antique Armour Shoppe.
 27427 | Orc:2    | Found Luew's Distillery.
 27427 | Orc:2    | Found Vipat's Antique Armour Boutique.
 27429 | Orc:2    | Found Ulisun's Armour Shop.
 27431 | Orc:2    | Found Vamuokog's Assorted Antiques.
 27435 | Orc:2    | Bought a potion of berserk rage for 65 gold pieces
 27445 | Orc:2    | Bought a pair of embroidered boots for 195 gold pieces
 27445 | Orc:2    | Bought a pair of embroidered gloves for 195 gold pieces
 27474 | Orc:2    | Bought a wand of iceblast (6) for 388 gold pieces
 27909 | Swamp:1  | Entered Level 1 of the Swamp
 27915 | Lair:2   | Reached XP level 16. HP: 151/151 MP: 19/22
 28049 | Swamp:1  | Identified the +8 rapier "Wial" {chaos, rF++}
 28097 | Swamp:1  | Reached skill level 10 in Shields
 28607 | Orc:1    | Bought a ring of poison resistance for 260 gold pieces
 28992 | Swamp:2  | Identified the +1 robe of Sevo Ype {rC+ Str-5 Int+2 Stlth+}
 29014 | Swamp:2  | You fall into a shaft and drop 1 floor!
 29266 | Swamp:2  | Identified the +10 war axe of Defence by Offence {holy,
                  | rPois rC+ Stlth-}
 29309 | Swamp:2  | Reached **** piety under Elyvilon
 29857 | Swamp:3  | Noticed a thorn hunter
 29940 | Swamp:3  | Killed a thorn hunter
 30221 | Swamp:4  | Entered Level 4 of the Swamp
 30639 | Swamp:4  | Identified the +6 dagger "Jeomoph" {vorpal, +Blink rElec
                  | Str-3 Stlth+}
 30977 | Swamp:4  | Noticed the 27-headed Lernaean hydra
 30987 | Swamp:4  | Pacified the 27-headed Lernaean hydra
 31200 | Swamp:4  | Reached XP level 17. HP: 152/158 MP: 23/23
 31401 | Swamp:4  | Got a decaying rune of Zot
 31648 | Snake:1  | Entered Level 1 of the Snake Pit
 31734 | Snake:1  | Found Moofales's Overcharged Wands.
 31750 | Snake:1  | Bought a wand of polymorph (18) for 378 gold pieces
 31922 | Snake:1  | Reached skill level 10 in Invocations
 33972 | Snake:3  | Reached ***** piety under Elyvilon
 34180 | Snake:3  | HP: 2/158 [salamander/+0 spear (13)]
 34181 | Snake:3  | Elyvilon protects you from harm!
 34181 | Snake:3  | Constricted to death by a naga warrior

Illustrated notes

Levels and vault maps discovered:
D:1:      dpeg_arrival_more_subterranean_lakeside_camping, layout_loops_ring,
          minmay_misc_feat_chi
D:2:      layout_loops_cross, minmay_crystal_water, nrook_mini_backslash,
          minmay_octomino_c4
D:3:      layout_basic, tgw_kikubaaqudgha, nicolae_ru_the_path_less_chosen,
          nicolae_ecumenical_pavilion, uniq_natasha
D:4:      layout_rooms, xom_butterflies, minmay_temple_entry_sparse_star,
          serial_shops, nicolae_shop_competitors_out_of_business,
          minmay_manual_mares, uniq_sigmund
D:5:      layout_basic, mainiacjoe_overflow_chevrons, gammafunk_ghost_cemetery
D:6:      layout_gridville, ebering_ghost_xom
D:7:      layout_rooms, eat_drink_and_be_merry_uskayaw, serial_shops,
          nicolae_square_shop, uniq_crazy_yiuf_cottage
D:8:      layout_cave_pods, nzn_wu_jian_contemplation, fedhas_altar_3
D:9:      layout_loops_ring, nicolae_overflow_hidden_temple,
          nicolae_qazlal_general_emergency, orc_0_dummy
D:10:     layout_loops_corners, dpeg_oklobed_lair, serial_rivers,
          chequers_serial_rivers_large_a, chequers_serial_rivers_micro_b,
          chequers_serial_rivers_room_b, chequers_serial_rivers_marsh,
          chequers_serial_rivers_small_3, chequers_serial_rivers_micro_c
D:11:     layout_long_grid
D:12:     layout_small_grid, minmay_guarded_unrand_prune
D:13:     layout_gridville, ximxim_vaults_locker_room, serial_ice, serial_ice_n,
          serial_ice_c, serial_ice_o, serial_ice_m,
          portal_ice_cave_demonic_guard, st_stairs_9, uniq_azrael
D:14:     minmay_open_boxes_in_corner, layout_gridville,
          nicolae_transporter_intersection, uniq_roxanne, uniq_josephine,
          uniq_louise
D:15:     grunt_enter_depths_hoard, layout_cave_pods, serial_shops,
          shop_fountains, shop, nicolae_shop_advertising_works
          [nicolae_subvault_shop_adworks], nicolae_diamond_shop, minivault_13
Temple:   cyrus_circular_temple
Lair:1:   layout_roguey, basic_altar, nicolae_lair_grazing_beasts
          [nicolae_sub_lair_graze_edge, nicolae_sub_lair_graze_edge,
          nicolae_sub_lair_graze_edge, nicolae_sub_lair_graze_edge],
          grunt_megastairs_5, uniq_fannar
Lair:2:   layout_roguey, minmay_swamp_entry_reptiles, serial_bayou_pond_d
Lair:3:   layout_regular_city, minmay_snake_entry_six_corridors
Lair:4:   layout_loops_ring, serial_bayou_shore_a
Lair:5:   evil_forest, layout_gridlike, minmay_slime_entry_pillars,
          cheibrodos_lair_lostbears, serial_bayou_shore_b
Swamp:1:  layout_basic_swamp, nicolae_swamp_well_well_well,
          infiniplex_staircase_pool
Swamp:2:  layout_falls_marsh, evilmike_swamp_ruin_house_6, swamp_pool1,
          nicolae_swamp_soggy_hallways
Swamp:3:  layout_basic_swamp, hangedman_swamp_ruin_wall
Swamp:4:  swamp_old_school, layout_basic_swamp, swamp_pool1
Snake:1:  nicolae_snake_nest, layout_chambers, nicolae_snake_snake_lake,
          nicolae_shop_overcharged_wands, lemuel_fruit_tree
Snake:2:  layout_misc_corridors, grunt_megastairs_4
Snake:3:  layout_chambers, nicolae_shop_dragon_depot, uniq_aizul
Orc:1:    layout_diamond_mine, serial_shops, shop, minmay_orc_temple_a
Orc:2:    st_orc_rangers, layout_caves, serial_shops, bzr_entry_water,
          nicolae_shop_behind_doors, shop, nicolae_shop_hallway_stairs,
          uniq_rupert, uniq_jorgrun, uniq_erolcha

Skill      XL: |  1  2  3  4  5  6  7  8  9 10 11 12 13 14 15 16 17 |
---------------+----------------------------------------------------+-----
Long Blades    | 3 4 5 6 7 8 10 12 13 14 16 | 16.0
Fighting       | 4 6 8 10 12 15 16 | 16.0
Shields        | 5 8 9 11 | 11.0
Evocations     | 6 8 10 | 10.0
Dodging        | 4 5 8 9 11 12 | 12.3
Ranged Weapons | 6 10 14 | 14.0
Invocations    | 8 9 12 | 12.0

Action                   |  1- 3 |  4- 6 |  7- 9 | 10-12 | 13-15 | 16-18 || total
-------------------------+-------+-------+-------+-------+-------+-------++-------
Melee: Long sword        |   117 |   119 |   263 |       |       |       ||   499
       Tailslap          |    12 |    11 |    49 |   125 |   298 |    77 ||   572
       Scimitar          |       |       |   157 |   527 |       |       ||   684
       Double sword      |       |       |       |   107 |  1379 |   389 ||  1875
       Bite              |       |       |       |       |   158 |    59 ||   217
 Fire: Sling             |       |       |       |    99 |       |       ||    99
       Greatsling        |       |       |       |       |   110 |   607 ||   717
Throw: Dart              |       |       |     4 |     2 |    11 |     1 ||    18
Invok: Foxfire Swarm     |       |     1 |       |     2 |       |       ||     3
       Heal Other        |       |       |       |       |     1 |    18 ||    19
 Abil: Breathe Acid      |       |       |    38 |    55 |    60 |    18 ||   171
Evoke: Wand              |       |     1 |       |    11 |    17 |     6 ||    35
  Use: Scroll            |     1 |       |     8 |    13 |    10 |     5 ||    37
       Potion            |       |       |       |       |       |     1 ||     1
 Stab: Sleeping          |     2 |     1 |       |     1 |       |     1 ||     5
       Distracted        |       |       |       |       |     1 |       ||     1
Armor: Skin              |    41 |    50 |   139 |   178 |   429 |   235 ||  1072
Dodge: Dodged            |    60 |    67 |   187 |   350 |  1003 |   367 ||  2034
Block: Buckler           |    19 |    30 |   110 |   144 |   435 |   164 ||   902

Table legend: (Time is in decaauts)
 A = Elapsed time spent in this place.
 B = Non-inter-level travel time spent in this place.
 C = Inter-level travel time spent in this place.
 D = Time resting spent in this place.
 E = Time spent auto-exploring this place.
 F = Levels seen in this place.
 G = Mean time per level.
                   A        B        C        D        E       F      G
               +--------+--------+--------+--------+--------+-----+--------+
         Total |  33923 |  31291 |   2632 |   7957 |  16049 |  31 | 1094.3 |
       Dungeon |  18079 |  16402 |   1677 |   4222 |   8725 |  15 | 1205.3 |
        Temple |     77 |     70 |      7 |      0 |     41 |   1 |   77.0 |
          Lair |   7889 |   7442 |    447 |   2718 |   2962 |   5 | 1577.8 |
         Swamp |   3387 |   3138 |    249 |    527 |   1729 |   4 |  846.8 |
     Snake Pit |   2412 |   2368 |     44 |    233 |   1641 |   3 |  804.0 |
  Orcish Mines |   1972 |   1766 |    206 |    255 |    871 |   2 |  986.0 |
        Bazaar |    103 |    103 |      0 |      0 |     79 |   1 |  103.0 |
               +--------+--------+--------+--------+--------+-----+--------+

Top non-repeatable levels by time:
     D:7: 2133 daAuts
    D:10: 1947 daAuts
  Lair:3: 1683 daAuts
  Lair:2: 1644 daAuts
  Lair:5: 1596 daAuts
  Lair:1: 1546 daAuts
    D:13: 1500 daAuts
  Lair:4: 1418 daAuts
    D:15: 1399 daAuts
 Swamp:4: 1357 daAuts
     D:9: 1340 daAuts
    D:11: 1275 daAuts
 Snake:1: 1233 daAuts
    D:14: 1200 daAuts
     D:8: 1154 daAuts
